 Dungeon Crawl Stone Soup version 0.29-a0-275-g389c0b56f3 (webtiles) character file.

Game seed: 8311055567703985494

0 Jinxxian the Conjurer (level 1, -1/14 HPs)
             Began as a Draconian Conjurer on Mar 12, 2022.
             Killed from afar by a dart slug (2 damage)
             ... with a slug dart
             ... on level 1 of the Dungeon.
             The game lasted 00:00:50 (63 turns).

Jinxxian the Conjurer (Draconian Conjurer)            Turns: 63, Time: 00:00:51

Health: -1/14      AC:  4    Str:  9    XL:     1   Next: 0%
Magic:  1/3        EV: 12    Int: 18    God:
Gold:   0          SH:  0    Dex:  9    Spells: 3/4 levels left

rFire   . . .      SeeInvis .   (no weapon)
rCold   . . .      Faith    .   (no shield)
rNeg    . . .      Spirit   .   (body armour unavailable)
rPois   .          Reflect  .   (helmet restricted)
rElec   .          Harm     .   (no cloak)
rCorr   .          Rampage  .   (no gloves)
Will    .....                   (no boots)
Stlth   ++........              (no amulet)
HPRegen 0.04/turn               (no ring)
MPRegen 0.08/turn               (no ring)

@: no status effects
A: AC +4, unfitting armour, cold-blooded
a: no special abilities


You were on level 1 of the Dungeon.
You visited 1 branch of the dungeon, and saw 1 of its levels.

Inventory:

Missiles
 b - 4 atropa-tipped darts


   Skills:
 + Level 0.0 Fighting
 * Level 1.7 Dodging
 + Level 1.7 Stealth
 * Level 2.0 Spellcasting
 * Level 4.0 Conjurations


You had 3 spell levels left.
You knew the following spells:

 Your Spells              Type           Power      Damage    Failure   Level
a - Magic Dart            Conj           64%        1d6       3%          1

Your spell library contained the following spells:

 Spells                   Type           Power      Damage    Failure   Level
 Searing Ray              Conj           32%        2d5       5%          2
 Dazzling Flash           Conj/Hex       18%        N/A       24%         3
 Fulminant Prism          Conj/Hex       4%         3d6       61%         4
 Iskenderun's Mystic Bla  Conj/Tloc      9%         2d4       61%         4


Dungeon Overview and Level Annotations

Branches:
Dungeon (1/15)

Altars:


Innate Abilities, Weirdness & Mutations

Your plain brown scales are hard. (AC +4)
You cannot fit into any form of body armour.
You are cold-blooded and may be slowed by cold attacks.


Message History

Aiming: Magic Dart (safe; 3% risk of failure)
Press: ? - help, Shift-Dir - straight line, f/p - dart slug
Aim: a dart slug (moderately wounded, 100% to hit)
The magic dart hits the dart slug.
The dart slug is heavily wounded.
The bat closely misses you.
Casting: Magic Dart (safe; 3% risk of failure)
Confirm with . or Enter, or press ? or * to list all spells.
You don't have enough magic to cast this spell.
Unknown command.
The bat hits you but does no damage. The dart slug launches a dart at you.
The slug dart hits you.
* * * LOW HITPOINT WARNING * * *
The bat hits you but does no damage. x2
The dart slug launches a dart at you. The slug dart misses you.
The bat hits you but does no damage. The bat attacks as you move away!
The bat closely misses you. x2
Your magical contamination has completely faded away.
Okay, then.
Magic courses through your body. The bat misses you.
Casting: Magic Dart (safe; 3% risk of failure)
Confirm with . or Enter, or press ? or * to list all spells.
Aiming: Magic Dart (safe; 3% risk of failure)
Press: ? - help, Shift-Dir - straight line, f/p - dart slug
Aim: a dart slug (heavily wounded, 100% to hit)
The magic dart hits the bat.
The bat is moderately wounded.
The bat hits you but does no damage.
Casting: Magic Dart (safe; 3% risk of failure)
Confirm with . or Enter, or press ? or * to list all spells.
Aiming: Magic Dart (safe; 3% risk of failure)
Press: ? - help, Shift-Dir - straight line, f/p - dart slug
Aim: a dart slug (heavily wounded, 100% to hit)
The magic dart hits the bat.
You kill the bat!
The dart slug launches a dart at you. The slug dart hits you.
You die...

#.# #.# #.# #.. #.#
#.# #.# ... #.# #.#
#.# #.# #.#######.#
####.........#########
#.......###..@........
#.#####.##.###.##.####
####.#####.##. #†##
........##.##.###w.#
####.##.##.###.....#.#
#.......# #.......#
#.......# ###.!.###
#####.#...## #...#
...........# #...#


You could see a dart slug.

Vanquished Creatures
  A bat (D:1)
1 creature vanquished.

Notes
Turn   | Place    | Note
-------+----------+-------------------------------------------
     0 | D:1      | Jinxxian the Draconian Conjurer began the quest for the
                  | Orb.
     0 | D:1      | Reached XP level 1. HP: 14/14 MP: 3/3
    63 | D:1      | Killed from afar by a dart slug

Illustrated notes

Levels and vault maps discovered:
D:1:      enne_arrival_octagon_isle, layout_loops_cross, st_stairs_12

Action                   || total
-------------------------++-------
Melee: Unarmed           ||     2
 Cast: Magic Dart        ||     4
  Use: Potion            ||     1
Armor: Skin              ||     9
Dodge: Dodged            ||    10

Table legend: (Time is in decaauts)
 A = Elapsed time spent in this place.
 B = Non-inter-level travel time spent in this place.
 C = Inter-level travel time spent in this place.
 D = Time resting spent in this place.
 E = Time spent auto-exploring this place.
 F = Levels seen in this place.
 G = Mean time per level.
                   A        B        C        D        E       F      G
               +--------+--------+--------+--------+--------+-----+--------+
         Total |     63 |     63 |      0 |      0 |     36 |   1 |   63.0 |
       Dungeon |     63 |     63 |      0 |      0 |     36 |   1 |   63.0 |
               +--------+--------+--------+--------+--------+-----+--------+

Top non-repeatable levels by time:
     D:1: 63 daAuts
